 Dungeon Sprint DCSS version 0.30-a0-534-gdc55766716 (webtiles) character file.

Game seed: 17906356501607840351

3182 rocky1 the Arsonist (level 9, -4/57 HPs)
             Began as a Deep Elf Fire Elementalist on Dec 25, 2022.
             Was a High Priest of Vehumet.
             Slain by an earth elemental (30 damage)
             ... in the Dungeon (Sprint III: "The Ten Rune Challenge").
             The game lasted 00:08:27 (1365 turns).

rocky1 the Arsonist (Deep Elf Fire Elementalist)    Turns: 1365, Time: 00:08:28

Health: -4/57      AC:  3    Str:  5    XL:     9   Next: 64%
Magic:  28/28      EV: 12    Int: 25    God:    Vehumet [*****.]
Gold:   2575       SH:  0    Dex: 15    Spells: 16/34 levels left

rFire   . . .      SeeInvis .    d - +2 long sword (holy)
rCold   . . .      Faith    .    (no shield)
rNeg    . . .      Spirit   .    a - +0 robe
rPois   .          Reflect  .    (no helmet)
rElec   .          Harm     .    i - +0 cloak
rCorr   .          Rampage  .    (no gloves)
Will    .....      NoTele   +    (no boots)
Stlth   ++                       (no amulet)
HPRegen 0.29/turn                (no ring)
MPRegen 0.21/turn                (no ring)

@: no status effects
A: no striking features
a: Renounce Religion


You were in the Dungeon.
You worshipped Vehumet.
Vehumet was extremely pleased with you.
You visited 1 branch You collected 3366 gold pieces.
You spent 791 gold pieces at shops.

Inventory:

Hand Weapons
 d - a +2 long sword of holy wrath (weapon)
 h - a +0 spear
 p - a +1 scimitar of flaming
Armour
 a - a +0 robe (worn)
 i - a +0 cloak (worn)
Wands
 n - a wand of paralysis (8)
 o - a wand of roots (6)
Scrolls
 g - 4 scrolls of blinking
 j - 2 scrolls of torment
 k - 3 scrolls of identify
 q - a scroll of enchant armour
 r - 2 scrolls of enchant weapon
 s - a scroll of magic mapping
 t - a scroll of poison
Potions
 b - 3 potions of magic
 c - 2 potions of curing
 e - a potion of haste
 l - 3 potions of flight
 m - 5 potions of mutation
Miscellaneous
 f - a condenser vane


   Skills:
 + Level 7.0 Fighting
 - Level 2.4 Dodging
 - Level 2.4 Stealth
 + Level 13.3 Spellcasting
 + Level 11.1 Conjurations
 + Level 5.7 Transmutations
 + Level 14.6 Fire Magic
 + Level 6.4 Evocations


You had 16 spell levels left.
You knew the following spells:

 Your Spells              Type           Power      Damage    Failure   Level
a - Foxfire               Conj/Fire      100%       2x1d9     0%          1
b - Scorch                Fire           100%       2d10      0%          2
c - Inner Flame           Hex/Fire       52%        N/A       1%          3
d - Kindle Blastsparks    Fire/Tloc/Air  80%        2d16      1%          3
e - Flame Wave            Conj/Fire      69%        2d16      1%          4
f - Irradiate             Conj/Tmut      28%        3d21      1%          5

Your spell library contained the following spells:

 Spells                   Type           Power      Damage    Failure   Level
 Searing Ray              Conj           100%       2d8       1%          2
 Cigotuvi's Dreadful Rot  Necr/Pois/Air  32%        N/A       5%          2
 Sublimation of Blood     Necr           16%        N/A       5%          2
 Petrify                  Tmut/Erth      31%        N/A       11%         4
 Dispel Undead            Necr           16%        3d10      34%         4
 Death Channel            Necr           8%         N/A       99%         6


Dungeon Overview and Level Annotations

Branches:
Dungeon (1/1)

Altars:
Cheibriados
Dithmenos
Elyvilon
Fedhas
Gozag
Hepliaklqana
Kikubaaqudgha
Makhleb
Nemelex Xobeh
Okawaru
Qazlal
Ru
Sif Muna
Trog
Uskayaw
Vehumet
Wu Jian
Xom
Yredelemnul
Zin
The Shining One
Jiyva
Lugonu

Shops:
D ?


Message History

Things that are here:
a +0 hand axe; an orc skeleton
Items here: )) ÷÷.
Items here: )) [ ÷.
Things that are here:
a +0 dagger; a +0 robe; an orc skeleton
There is an open door to the Orcish Mines here.
Casting: Scorch (safe; 0% risk of failure)
Confirm with . or Enter, or press ? or * to list all spells.
Okay, then.
Okay, then.
Casting: Scorch (safe; 0% risk of failure)
Confirm with . or Enter, or press ? or * to list all spells.
Okay, then.
You enter the shallow water.
Moving in this stuff is going to be slow.
Okay, then.
You can't go up here!
You can't go up here!
Okay, then.
You enter the shallow water.
Moving in this stuff is going to be slow.
You open the door.
An earth elemental comes into view.
There is an open door here.
Casting: Scorch (safe; 0% risk of failure)
Confirm with . or Enter, or press ? or * to list all spells.
Flames lash the earth elemental.
The earth elemental completely resists.
Okay, then.
You enter the shallow water.
Moving in this stuff is going to be slow.
Things that are here:
a +0 robe; the human skeleton of Erica
There is an open door here.
There is an open door here.
The earth elemental hits you!!
Ouch! That really hurt!
The earth elemental hits you!!
Ouch! That really hurt!
You die...

▓▓▓ ▓▓▓ ▓▓▓▓▓ ..♣
♣.############.#.######## ..♣
♣♣.#___#___#__#.#.##.#...+ ..♣♣♣
..#...#__)#._#....).)..##
..~.♣♣♣♣.###'#'###)##)))))).)#.#
.~~♣♣..♣.#......@...#.))).).)..#
~~~~♣.♣♣.'.⌠....E...#)#..#∩...##
~≈≈~~~...#...######'#.##.##.#.#
~≈~~~....#.⌠.#__#...#'#########
≈~~~.....#...#__#..E#.E§~~'.#
~~.......#)###__#...#[#§§~#.#
.†.......#)..#__#...'.#...#.#
.........#___#__'...#.#§§.#..
▓▓▓▓▓▓▓▓▓▓▓▓▓▓▓▓▓▓▓▓▓▓▓▓▓▓▓▓▓▓


You could see an earth elemental.

Vanquished Creatures
  Erica (D)
  An orc high priest (D)
  A deep elf pyromancer (D)
  An orc sorcerer (D)
  A shadow (D)
  A spatial vortex (D)
  3 orc warriors (D)
  A necrophage (D)
  A water elemental (D)
  Crazy Yiuf (D)
  4 orc priests (D)
  A jelly (D)
  Jessica (D)
  A wizard (D)
  A necromancer (D)
  3 humans (D)
  A kobold demonologist (D)
  9 orcs (D)
  An endoplasm (D)
  2 rats (D)
36 creatures vanquished.

Vanquished Creatures (others)
  29 foxfires (D)
29 creatures vanquished.

Grand Total: 65 creatures vanquished

Notes
Turn   | Place    | Note
-------+----------+-------------------------------------------
     0 | D        | rocky1 the Deep Elf Fire Elementalist began the quest for
                  | the Orb.
     0 | D        | Reached XP level 1. HP: 10/10 MP: 6/6
    20 | D        | Noticed Jessica
    24 | D        | Killed Jessica
    25 | D        | Reached skill level 5 in Fire Magic
    25 | D        | Reached XP level 2. HP: 15/15 MP: 4/9
    31 | D        | Reached XP level 3. HP: 18/19 MP: 4/11
   102 | D        | Reached skill level 5 in Spellcasting
   102 | D        | Reached skill level 6 in Fire Magic
   149 | D        | Learned a level 2 spell: Scorch
   153 | D        | Learned a level 3 spell: Inner Flame
   157 | D        | Learned a level 3 spell: Kindle Blastsparks
   159 | D        | Noticed Crazy Yiuf
   164 | D        | Killed Crazy Yiuf
   165 | D        | Reached skill level 7 in Fire Magic
   165 | D        | Reached XP level 4. HP: 24/24 MP: 7/14
   214 | D        | Noticed a water elemental
   215 | D        | Killed a water elemental
   216 | D        | Reached skill level 5 in Conjurations
   216 | D        | Reached skill level 8 in Fire Magic
   228 | D        | Found a radiant altar of Vehumet.
   228 | D        | Found a shimmering blue altar of Sif Muna.
   228 | D        | Found an ancient bone altar of Kikubaaqudgha.
   228 | D        | Noticed a wizard
   229 | D        | Killed a wizard
   230 | D        | Reached XP level 5. HP: 28/28 MP: 13/17
   232 | D        | Noticed a red devil
   236 | D        | Reached skill level 9 in Fire Magic
   422 | D        | Became a worshipper of Vehumet
   533 | D        | Found a glowing silver altar of Zin.
   533 | D        | Found a glowing golden altar of the Shining One.
   533 | D        | Found a white marble altar of Elyvilon.
   533 | D        | Noticed a deep elf pyromancer
   536 | D        | Killed a deep elf pyromancer
   537 | D        | Reached skill level 10 in Spellcasting
   537 | D        | Reached skill level 11 in Fire Magic
   537 | D        | Reached XP level 6. HP: 38/38 MP: 12/21
   537 | D        | Reached XP level 7. HP: 42/42 MP: 12/22
   592 | D        | Found a hide-covered altar of Uskayaw.
   592 | D        | Found an iron altar of Okawaru.
   592 | D        | Found a bloodstained altar of Trog.
   592 | D        | Found an ornate altar of the Wu Jian Council.
   592 | D        | Noticed a human
   592 | D        | Noticed a human
   596 | D        | Killed a human
   597 | D        | Reached skill level 12 in Fire Magic
   598 | D        | Killed a human
   598 | D        | Reached * piety under Vehumet
   598 | D        | Offered knowledge of Shock by Vehumet.
   667 | D        | Found a basalt altar of Yredelemnul.
   667 | D        | Found a shadowy altar of Dithmenos.
   667 | D        | Found a sacrificial altar of Ru.
   715 | D        | Noticed a shadow
   717 | D        | Reached ** piety under Vehumet
   718 | D        | Reached skill level 13 in Fire Magic
   721 | D        | Killed a shadow
   722 | D        | Reached skill level 5 in Fighting
   722 | D        | Reached skill level 1 in Evocations
   722 | D        | Reached XP level 8. HP: 38/49 MP: 13/25
   792 | D        | Found a blossoming altar of Fedhas.
   792 | D        | Found a stormy altar of Qazlal.
   792 | D        | Found a snail-covered altar of Cheibriados.
   792 | D        | Found a burning altar of Makhleb.
   792 | D        | Found a shimmering altar of Xom.
   793 | D        | Found a hazy altar of Hepliaklqana.
   793 | D        | Found an opulent altar of Gozag.
   793 | D        | Found a sparkling altar of Nemelex Xobeh.
   793 | D        | Found a corrupted altar of Lugonu.
   793 | D        | Found a viscous altar of Jiyva.
   806 | D        | Offered knowledge of Kiss of Death by Vehumet.
   950 | D        | Learned a level 4 spell: Flame Wave
   956 | D        | Learned a level 5 spell: Irradiate
   968 | D        | Noticed Erica
   979 | D        | Killed Erica
   979 | D        | Offered knowledge of Searing Ray by Vehumet.
   980 | D        | Reached skill level 10 in Conjurations
  1035 | D        | Noticed an orc sorcerer
  1035 | D        | Noticed an orc high priest
  1036 | D        | Reached *** piety under Vehumet
  1036 | D        | Reached **** piety under Vehumet
  1037 | D        | Reached ***** piety under Vehumet
  1040 | D        | Reached skill level 14 in Fire Magic
  1040 | D        | Reached XP level 9. HP: 44/55 MP: 27/27
  1040 | D        | Killed an orc high priest
  1041 | D        | Reached skill level 5 in Transmutations
  1041 | D        | Reached skill level 5 in Evocations
  1060 | D        | Killed an orc sorcerer
  1126 | D        | Found Kirr's Magic Scroll Boutique.
  1193 | D        | Bought a scroll of enchant armour for 105 gold pieces
  1193 | D        | Bought a scroll of enchant weapon for 105 gold pieces
  1193 | D        | Bought a scroll of enchant weapon for 105 gold pieces
  1193 | D        | Bought a scroll of magic mapping for 105 gold pieces
  1193 | D        | Bought 3 scrolls of blinking for 315 gold pieces
  1193 | D        | Bought a scroll of poison for 56 gold pieces
  1365 | D        | Slain by an earth elemental

Illustrated notes

Levels and vault maps discovered:
D:        dungeon_sprint_mu [sprint_mu_entry_forest, sprint_mu_temple_rooms,
          sprint_mu_d1_horrors, sprint_mu_d2_genie, sprint_mu_d3_branching,
          sprint_mu_orc_legion, sprint_mu_elf_gauntlet, sprint_mu_hive_nellie,
          sprint_mu_lair_fedhas, sprint_mu_vaults_butterflies,
          sprint_mu_slime_circle, sprint_mu_shoals_kraken,
          sprint_mu_snake_twists, sprint_mu_blade_basic, sprint_mu_crypt_lich,
          sprint_mu_tomb_spiral, sprint_mu_vestibule_basic,
          sprint_mu_gehenna_hellfire, sprint_mu_dis_giant,
          sprint_mu_tartarus_statrot, sprint_mu_cocytus_islands, sprint_mu_zot1]

Skill      XL: |  1  2  3  4  5  6  7  8  9 |
---------------+----------------------------+-----
Spellcasting   | 4 6 7 10 11 12 13 | 13.3
Conjurations   | 3 4 5 8 9 10 11 | 11.1
Fire Magic     | 5 7 8 11 13 14 | 14.6
Fighting       | 3 5 6 7 |  7.0
Evocations     | 1 4 6 |  6.4
Transmutations | 4 5 |  5.7
Dodging        | |  2.4
Stealth        | |  2.4

Action                   |  1- 3 |  4- 6 |  7- 9 || total
-------------------------+-------+-------+-------++-------
Melee: Spear             |     4 |     1 |       ||     5
       Long sword        |       |       |     5 ||     5
 Cast: Foxfire           |    14 |       |     3 ||    17
       Scorch            |       |     9 |    29 ||    38
Evoke: Condenser vane    |       |       |     1 ||     1
  Use: Potion            |       |     1 |     1 ||     2
       Scroll            |       |       |     1 ||     1
Armor: Robe              |     2 |     3 |     3 ||     8
Dodge: Dodged            |     1 |     4 |     3 ||     8

Table legend: (Time is in decaauts)
 A = Elapsed time spent in this place.
 B = Non-inter-level travel time spent in this place.
 C = Inter-level travel time spent in this place.
 D = Time resting spent in this place.
 E = Time spent auto-exploring this place.
 F = Levels seen in this place.
 G = Mean time per level.
                   A        B        C        D        E       F      G
               +--------+--------+--------+--------+--------+-----+--------+
         Total |   1381 |   1362 |     19 |    896 |      0 |   1 | 1381.0 |
       Dungeon |   1381 |   1362 |     19 |    896 |      0 |   1 | 1381.0 |
               +--------+--------+--------+--------+--------+-----+--------+

Top non-repeatable levels by time:
       D: 1381 daAuts
